[Event "European Women-ch 2023"]
[Site "Petrovac"]
[Date "2023.03.25"]
[Round "7.23"]
[White "Eric, Jovana"]
[Black "Valkova, Angelika"]
[Result "1-0"]
[Annotator "TA"]
[ECO "C42"]
[WhiteElo "2230"]
[BlackElo "2055"]
[PlyCount "69"]
[EventDate "2023.03.15"]
[EventType "swiss"]
[EventCountry "MNE"]
[SourceTitle "playchess.com"]
[Source "ChessBase"]
[SourceQuality "1"]
[TimeControl "40/5400+30:1800+30"]

1. e4 e5 2. Nf3 Nf6 3. Nxe5 d6 4. Nf3 Nxe4 5. Nc3 Nxc3 6. dxc3 Be7 7. Be3 Nc6 8. Qd2 Be6 9. O-O-O {[%emt 0:02:01] C42: Petroff Defence: 3 Nxe5 and unusual White 3rd moves.} Qd7 (9... Bxa2 $2 10. b3 $16) 10. Kb1 Bf6 11. h3 {[%emt 0:05:02] White has an edge.} h6 12. g4 O-O-O 13. Bg2 Kb8 14. Rhe1 Rhe8 15. b3 $1 {[%emt 0:03:54] [#]} g5 $146 ({Predecessor:} 15... a6 16. Re2 Re7 17. Nd4 Bxd4 18. cxd4 d5 19. Rde1 h5 20. f3 f6 21. Bf2 Rde8 {½-½ Horwitz,D (2291)-Azevedo,J (2285) MT-Esko sf03 email 2017 [1]}) 16. Nd4 Bxd4 17. cxd4 (17. Bxd4 Nxd4 18. Qxd4 f5 $11) 17... d5 18. f4 f6 $1 19. Rf1 Qg7 20. Rf3 Rd7 21. Rdf1 Rde7 22. Rg3 Nd8 23. a4 c6 24. Bg1 Bg8 25. fxg5 (25. Re3 $14) 25... fxg5 $11 26. Bh2 Ka8 (26... Kc8 $1 $11) 27. Rf2 $1 $14 c5 {[%emt 0:03:12] [#] A mistake that costs the game.} 28. Rc3 $1 $18 {[%emt 0:00:53][%cal Bg3c3,Bc3c5,Bc5c6,Bc6c7,Bc7e7][%mdl 32] Threatens to win with Be5.} Nc6 {[%emt 0:05:41] Inhibits Be5.} 29. Rxc5 Nxd4 $2 {[%emt 0:01:03] [#]} (29... Qxd4 30. Qxd4 Nxd4 31. Bxd5 Bxd5) 30. Qc3 $1 ({Worse is} 30. Bxd5 Nxb3 31. cxb3 Re1+ 32. Rc1 Rxc1+ 33. Qxc1 (33. Kxc1 $2 {loses.} Qa1+ 34. Kc2 Bxd5 $19) 33... Bxd5 $15) 30... Nc6 31. Rxc6 {[%emt 0:00:54] White threatens Rc8+ and mate.} (31. Bxd5 $2 {perishes.} Qxc3 32. Rxc3 Bxd5 $19) 31... Re1+ 32. Kb2 Qd7 33. Rc7 Qd8 34. Qb4 Qb8 {[%emt 0:01:20] [#]} 35. Re7 $3 {[%emt 0:01:32][%mdl 512] Weighted Error Value: White=0.09 (flawless) /Black=0.44} 1-0

[Event "European Women-ch 2023"]
[Site "Petrovac"]
[Date "2023.03.25"]
[Round "7.23"]
[White "Bassari, Senem Gul"]
[Black "Popovic, Mateja"]
[Result "1-0"]
[Annotator "NA RC COMBH"]
[ECO "B80"]
[WhiteElo "1524"]
[BlackElo "1832"]
[PlyCount "135"]
[EventDate "2023.03.15"]
[EventType "swiss"]
[EventCountry "MNE"]
[SourceTitle "playchess.com"]
[Source "ChessBase"]
[SourceQuality "1"]
[TimeControl "40/5400+30:1800+30"]

1. e4 c5 2. Nf3 Nc6 3. d4 cxd4 4. Nxd4 e6 5. Nc3 Qc7 6. g3 a6 7. Bg2 Nf6 8. O-O Be7 9. Re1 d6 10. Nxc6 bxc6 11. e5 dxe5 12. Rxe5 O-O 13. Re1 Rd8 14. Qf3 Bb7 15. Bf4 Bd6 16. Bg5 Be7 17. Bf4 Bd6 18. Bg5 Be7 19. Bf4 Qa5 20. a3 Bd6 21. b4 Qf5 22. Bxd6 Qxf3 23. Bxf3 Rxd6 24. Na4 Rad8 25. Nc5 Bc8 26. Be2 Rd2 27. Bd3 Ng4 28. Ne4 R2xd3 29. cxd3 Rxd3 30. Rad1 Rd5 31. Nc3 Rd7 32. Rxd7 Bxd7 33. Rd1 Nf6 34. Ne4 Nd5 35. Nc3 Kf8 36. Nxd5 exd5 37. f4 Ke7 38. Kf2 Kd6 39. Rc1 Bf5 40. Ke3 Bh3 41. Kd4 g6 42. Re1 Be6 43. Re3 h5 44. Re1 Bd7 45. Rc1 Bg4 46. Rc5 Bh3 47. a4 Be6 48. b5 cxb5 49. axb5 axb5 50. Rxb5 Kc6 51. Ra5 Kd6 52. Ra6+ Ke7 53. Ke5 Kd7 54. Rb6 Kc7 55. Rd6 Kc8 56. Kd4 Kb7 57. Rxd5 Bxd5 58. Kxd5 Kc7 59. Ke5 Kd7 60. f5 Ke7 61. h4 f6+ 62. Kf4 Kf7 63. Ke4 g5 64. Kd5 Ke7 65. Kc6 Kf7 66. Kd7 Kf8 67. Ke6 Kg7 68. Ke7 1-0

[Event "European Women-ch 2023"]
[Site "Petrovac"]
[Date "2023.03.25"]
[Round "7.24"]
[White "Dylag, Emilia"]
[Black "Mamedjarova, Turkan"]
[Result "0-1"]
[Annotator "TA"]
[ECO "D34"]
[WhiteElo "2052"]
[BlackElo "2229"]
[PlyCount "77"]
[EventDate "2023.03.15"]
[EventType "swiss"]
[EventCountry "MNE"]
[SourceTitle "playchess.com"]
[Source "ChessBase"]
[SourceQuality "1"]
[TimeControl "40/5400+30:1800+30"]

1. d4 d5 2. c4 e6 3. Nf3 Nf6 4. g3 c5 5. Bg2 Nc6 6. O-O Be7 7. Nc3 O-O 8. cxd5 exd5 9. Bg5 {[%emt 0:00:48] 9.dxc5 is the hot move.} c4 10. b3 Qa5 11. Bxf6 {[%emt 0:30:04] D34: Tarrasch Defence: 6 g3 Nf6 7 Bg2 Be7.} Bxf6 12. Rc1 Rd8 13. bxc4 {[%emt 0:05:03] White is slightly better.} dxc4 14. e3 Bf5 15. Nd2 Bd3 {[%emt 0:00:37] [#]} 16. Nce4 $146 ({Predecessor:} 16. Re1 Nxd4 17. Nde4 Ne2+ 18. Rxe2 Bxe4 19. Qe1 Bxc3 20. Rxc3 Bxg2 21. Kxg2 Rac8 22. Qc1 {0-1 Gajdos,D (1947)-Kubik,M (2263) CZE-chT1E 1617 2016 (11.5)}) 16... Bxd4 {[%emt 0:07:26] Strongly threatening ...Bb2. A strong pair of Bishops.} ({Much less strong is} 16... Qxa2 17. Nxf6+ gxf6 18. Qg4+ Kh8 19. Rfd1 $16) 17. Nxc4 Bxc4 {[%emt 0:01:58][%mdl 64] Remove Defender} 18. Rxc4 Bxe3 {[%emt 0:06:02][%mdl 64] Discovered Attack} (18... Qxa2 $2 19. Ra4 (19. Rxd4 Nxd4 20. exd4 a5 $16) 19... Qb2 20. exd4 $18) 19. Qb1 {[%emt 0:05:57] White is weak on the dark squares} (19. Qc2 $1 $11 Bb6 20. Nc5 Bxc5 21. Rxc5) 19... Bb6 $1 $17 20. Rcc1 h6 21. Kh1 Nd4 22. Qb2 Rd7 (22... Rac8 $17 23. h3 Rxc1 24. Rxc1 Nc6) 23. a3 (23. Nd2 $1 $15) 23... Rad8 24. Rfd1 Qh5 {[%emt 0:00:33] ( -> ...Nf3)} 25. Rd3 {[%emt 0:00:46] Inhibits Nf3.} Nc6 26. Rxd7 Rxd7 27. Qc2 {[%emt 0:00:31] Wards off Rd1+} Qa5 28. Qb3 Qe5 29. Qc2 Rd8 30. h3 Nd4 {[%emt 0:00:55] Black is much more active.} 31. Qb2 f5 32. Nd2 f4 33. Nc4 {[%emt 0:00:37] [#]} Qf6 (33... Qe2 $1 $17 {Threatens to win with ...f3.} 34. gxf4 Qxb2 35. Nxb2 Ne2) 34. Re1 {[%emt 0:00:48] [#]} (34. Nxb6 $11 Qxb6 35. Qxb6 axb6 36. Rd1) 34... fxg3 $1 ({But not} 34... f3 $6 35. Bf1 $11) 35. fxg3 Bc7 36. Rf1 (36. Ne3 $17 Qe5 37. Qa2+ Kh7 38. Qf2) 36... Qg6 $19 37. g4 (37. Qf2 $142) 37... Qe6 38. Qc3 $2 (38. Nd2) 38... Ne2 39. Qc2 {[%emt 0:00:32] Weighted Error Value: White=0.43/Black=0.16 (very precise)} 0-1

[Event "European Women-ch 2023"]
[Site "Petrovac"]
[Date "2023.03.25"]
[Round "7.24"]
[White "Recica, Jona"]
[Black "Petrovska, Katerina"]
[Result "0-1"]
[Annotator "TA"]
[ECO "C53"]
[WhiteElo "1231"]
[BlackElo "1907"]
[PlyCount "86"]
[EventDate "2023.03.15"]
[EventType "swiss"]
[EventCountry "MNE"]
[SourceTitle "playchess.com"]
[Source "ChessBase"]
[SourceQuality "1"]
[TimeControl "40/5400+30:1800+30"]

1. e4 e5 2. Nf3 Nc6 3. Bc4 Bc5 4. c3 Qf6 5. d3 d6 6. Nbd2 {[%emt 0:04:19] C53: Giuoco Piano sidelines.} (6. b4 $14 Bb6 7. O-O (7. Bg5 Qg6 $11)) 6... Nge7 7. O-O h6 8. b4 {[%emt 0:09:21] The position is equal.} Bb6 9. a4 a6 {[%emt 0:00:18] [#]} 10. Nb3 $146 ({Predecessor:} 10. a5 Ba7 11. Re1 g5 12. Re2 Ng6 13. Nf1 Nf4 14. Bxf4 gxf4 15. Kh1 Rg8 16. N1d2 {0-1 Della Morte,G (2368)-Ivanisevic,I (2606) Titled Arena Mar 6th blitz 2021}) 10... g5 (10... Be6 $11) 11. Be3 $14 Ng6 12. b5 axb5 13. Bxb5 (13. axb5 $14 Na5 14. Nxa5 Rxa5 15. Nd2) 13... O-O (13... g4 $11 14. Nfd2 Bxe3 15. Bxc6+ (15. fxe3 Qg5 $11) 15... bxc6 16. fxe3 Qg5) 14. d4 ({White should try} 14. Bxb6 $14 cxb6 15. Nfd2) 14... Nf4 (14... Bg4 {simplifies} 15. Bxc6 bxc6 16. h3 Bxf3 17. Qxf3 Qxf3 18. gxf3 f5) 15. d5 Ne7 16. g3 (16. Bxb6 $11 cxb6 17. Nbd2) 16... Nh3+ $17 17. Kg2 Qg6 (17... g4 {looks sharper.} 18. Nh4 Ng6 19. Nf5 Bxf5 20. exf5 Qxf5 21. Bxb6 cxb6 22. f3 gxf3+ 23. Qxf3 Qxf3+ 24. Kxf3 Ng5+) 18. Ng1 $2 {[%emt 0:01:27][%mdl 8192] Loses the game.} (18. Bxb6 $15 g4 19. Nfd2 (19. Bxc7 gxf3+ 20. Qxf3 Ng5 $17) 19... cxb6 20. Qe2) 18... Qxe4+ 19. Qf3 Qxf3+ (19... Qxd5 $2 {loses.} 20. Bxb6 Nxg1 21. Qxd5 Nxd5 22. Ba5 $19) 20. Nxf3 Nxd5 21. Bd2 Kg7 22. a5 Ba7 23. c4 Nf6 24. Rad1 g4 25. Ng1 Nxg1 26. Kxg1 Be6 27. a6 {[%emt 0:01:32] Black is clearly winning.} bxa6 28. Bxa6 {[%emt 0:00:07] [#]} Bxf2+ $1 {[%emt 0:01:52][%mdl 576] Discovered Attack} 29. Rxf2 Rxa6 30. Bxh6+ Kxh6 31. Rxf6+ Kg7 32. Rf2 Bxc4 33. Nd2 Be6 34. Rc1 c5 35. Ne4 c4 36. Nd2 Rc8 37. Re2 Ra2 {[%emt 0:02:02] [#] aiming for ...c3.} 38. Rf2 c3 39. Ne4 Rxf2 40. Kxf2 c2 {[%emt 0:00:00] ...d5 is the strong threat.} 41. Nxd6 Rc6 42. Nb5 Bf5 {[%emt 0:01:31] Strongly threatening ...Bd3.} 43. Na3 Rc3 {[%emt 0:00:05] Weighted Error Value: White=0.65/Black=0.20 (precise)} (43... Bd3 $142 44. Kg1 Rc3 45. Nxc2 Rxc2 46. Rxc2 Bxc2) 0-1

[Event "European Women-ch 2023"]
[Site "Petrovac"]
[Date "2023.03.25"]
[Round "7.25"]
[White "Sieber, Fiona"]
[Black "Tsotsonava, Elene"]
[Result "1-0"]
[Annotator "TA"]
[ECO "B47"]
[WhiteElo "2217"]
[BlackElo "2030"]
[PlyCount "77"]
[EventDate "2023.03.15"]
[EventType "swiss"]
[EventCountry "MNE"]
[SourceTitle "playchess.com"]
[Source "ChessBase"]
[SourceQuality "1"]
[TimeControl "40/5400+30:1800+30"]

1. e4 c5 2. Nf3 Nc6 3. Nc3 e6 4. d4 cxd4 5. Nxd4 Qc7 6. g3 a6 7. Bg2 d6 8. Nxc6 {[%emt 0:00:34] B47: Sicilian: Taimanov: 5 Nc3 Qc7 6 f4, 6 g3 and 6 Be2.} Qxc6 9. O-O {[%emt 0:00:20] [#]} Ne7 $146 ({Better is} 9... Bd7 $14) ({Predecessor:} 9... Qc7 10. Bf4 Bd7 11. Qd2 Bc6 12. Rfe1 Be7 13. Rad1 Rd8 14. Qc1 b5 15. a3 Qb6 {0-1 Sklavounou,I (1226)-Nasos,V (1803) GRE-chT U16 Thessaloniki 2019 (4.2)}) 10. Be3 $16 {[%emt 0:21:08] White is better.} b5 11. a4 {[%emt 0:07:41] axb5 is the strong threat. White is more active.} b4 12. Ne2 Bb7 (12... Qd7 $142) 13. c3 d5 $2 (13... bxc3 $16 14. bxc3 (14. Nxc3 h5 $16) 14... Qc8) 14. cxb4 (14. exd5 $142 Nxd5 15. Nf4) 14... dxe4 $18 {[%emt 0:01:25] [#]} 15. Rc1 (15. b5 $1 $18 Qc8 16. Rc1) 15... Qd5 (15... Qd7 $16 {was necessary.}) 16. Rc7 Rc8 17. Qc2 Rxc7 18. Qxc7 {[%emt 0:00:02] Hoping for Rc1.} Qd7 19. Rc1 {[%emt 0:02:40] Qb8+ would be deadly.} Nc6 {[%emt 0:08:08] [#] Wards off Qb8+} (19... Nc8 20. Bxe4 Qxc7 21. Rxc7 Bxe4) 20. Qb6 $1 Ne5 {[%emt 0:05:50] [#]} (20... Nxb4 $2 21. Rc7 Qd1+ 22. Bf1 $18) (20... Be7 $142 21. Bxe4 Nd8) 21. Bxe4 $1 Bxe4 (21... Be7 22. Bxb7) 22. Qb8+ (22. Qxa6 $2 {perishes.} Bb7 23. Qb6 Nf3+ 24. Kg2 Bd6 $19) 22... Qd8 23. Rc8 Nf3+ 24. Kg2 Be7 25. Rxd8+ Bxd8 26. Nc3 Nh4+ 27. Kg1 Nf3+ 28. Kh1 Bf5 29. Bb6 Ke7 30. Qb7+ Kf6 31. Bxd8+ Rxd8 32. Qxf3 Rd3 33. Ne4+ Ke5 34. Qf4+ ({Weaker is} 34. Qxd3 Bxe4+ $16) 34... Kd5 35. Nc3+ Kc6 36. g4 Bg6 37. Qc4+ Kb7 38. b5 axb5 39. Qxb5+ {[%emt 0:00:18] Black did not feel at home in the position after the opening.   Weighted Error Value: White=0.15 (very precise) /Black=0.58} 1-0

[Event "European Women-ch 2023"]
[Site "Petrovac"]
[Date "2023.03.25"]
[Round "7.25"]
[White "Ivanovic, Tara"]
[Black "Maras, Marija Mia"]
[Result "1-0"]
[Annotator "NA RC COMBH"]
[ECO "B75"]
[WhiteElo "1472"]
[BlackElo "1051"]
[PlyCount "103"]
[EventDate "2023.03.15"]
[EventType "swiss"]
[EventCountry "MNE"]
[SourceTitle "playchess.com"]
[Source "ChessBase"]
[SourceQuality "1"]
[TimeControl "40/5400+30:1800+30"]

1. e4 c5 2. Nf3 Nc6 3. d4 cxd4 4. Nxd4 g6 5. Nc3 Bg7 6. Be3 Nf6 7. f3 d6 8. Qd2 e5 9. Nb3 O-O 10. O-O-O Ne8 11. Nb5 Be6 12. Nxd6 Nxd6 13. Qxd6 Qxd6 14. Rxd6 Nb4 15. a3 Bxb3 16. cxb3 Rfc8+ 17. Kb1 Nc6 18. Rd7 Rab8 19. Bc4 Nd8 20. Bxa7 Ra8 21. Bb6 Rab8 22. Bxd8 Rxd8 23. Rxf7 Kh8 24. Bd5 b5 25. Rc1 Rf8 26. Rxf8+ Rxf8 27. Rc7 Rd8 28. Rb7 Bh6 29. Rxb5 Rc8 30. Bc4 Kg7 31. Kc2 Kf6 32. a4 Bf4 33. h3 Kg5 34. a5 Ra8 35. b4 Rd8 36. Rd5 Rc8 37. Kb3 Kh4 38. a6 Ra8 39. b5 Be3 40. Rxe5 Kg3 41. Re6 Kxg2 42. b6 Kxh3 43. b7 Rb8 44. Rc6 Kg3 45. Rc8 Bf4 46. Kc2 h5 47. a7 h4 48. Rxb8 h3 49. a8=Q h2 50. Rh8 Kxf3 51. Qa3+ Kg2 52. Qh3+ 1-0

[Event "European Women-ch 2023"]
[Site "Petrovac"]
[Date "2023.03.25"]
[Round "7.26"]
[White "Makka, Ioulia"]
[Black "Lehaci, Miruna-Daria"]
[Result "0-1"]
[Annotator "TA"]
[ECO "B23"]
[WhiteElo "1949"]
[BlackElo "2202"]
[PlyCount "98"]
[EventDate "2023.03.15"]
[EventType "swiss"]
[EventCountry "MNE"]
[SourceTitle "playchess.com"]
[Source "ChessBase"]
[SourceQuality "1"]
[TimeControl "40/5400+30:1800+30"]

1. e4 c5 2. Nc3 Nc6 3. Bb5 Nd4 4. Bc4 e6 5. Nge2 a6 6. Nxd4 {[%emt 0:03:13] B23: Closed Sicilian: Lines without g3.} cxd4 7. Ne2 b5 8. Bb3 {[%emt 0:10:00] The position is equal.} d3 9. cxd3 Bb7 10. O-O {[%emt 0:01:01] [#]} Nf6 $146 ({Predecessor:} 10... Bd6 11. Bc2 Qc7 12. f4 Rc8 13. Bb1 Bc5+ 14. d4 Bxd4+ 15. Nxd4 Qc5 16. Kh1 Qxd4 {1-0 Bas Mas,J (2239)-Harish,N (2075) Titled Tuesday intern op 10th May Early blitz 2022 (2)}) 11. e5 Nd5 12. d4 Qg5 13. f4 Qh4 (13... Qg4 $14 14. h3 Qh5) 14. d3 $16 Be7 15. Nc3 Nc7 16. Ne4 f5 17. Ng3 (17. exf6 $18 gxf6 18. f5) 17... h5 18. Bd2 Nd5 19. Qe2 (19. Qf3 $5 ) 19... Rh6 (19... Bd8 $14) 20. Bd1 Bd8 21. Qf2 (21. Nxh5 $2 g6 22. Nf6+ Bxf6 $19) 21... Bb6 22. Be1 {[%emt 0:01:13] [#]} (22. Kh1 $16) 22... Nxf4 23. Qxf4 (23. Nxf5 {simplifies} Qxf2+ 24. Rxf2 Nh3+ 25. gxh3 exf5 26. Bc3) 23... Bxd4+ 24. Kh1 Qxf4 25. Rxf4 Bxb2 26. Rb1 (26. Bxh5+ g6 27. Rb1 Bxe5 $17) 26... Bxe5 27. Rh4 (27. Bxh5+ g6 28. Bf3 Bxf4 $15) 27... g6 28. Bd2 Rh8 29. Bg5 {[%emt 0:00:58] Repels Bf6} Kf7 30. Rhb4 (30. Ne2 $11) 30... Rhc8 {[%emt 0:01:42][%mdl 1024] Black has compensation.} (30... h4 $5 31. Nf1 (31. Rxh4 $2 Rxh4 32. Bxh4 Rh8 $19) (31. Bxh4 $2 g5 $19) 31... h3 $17) 31. Ne2 Bd5 32. a4 Bd6 33. R4b2 b4 34. a5 Rab8 35. Bd2 (35. Kg1 $5 ) 35... b3 36. Be3 $2 {[%emt 0:01:17] [#]} (36. Bxb3 $2 {loses.} Rxb3 37. Rxb3 Bxb3 38. Rxb3 Rc2 $19) (36. Nf4 $11 Be5 37. Nxd5 Bxb2 38. Nb6 (38. Rxb2 exd5 39. Kg1 Rb5 $15)) 36... Ba3 $1 $17 {[%emt 0:01:23] Black has more active pieces.} 37. Nf4 ({Reject} 37. Rxb3 Bxb3 38. Bxb3 d5 $17) 37... Bxb2 38. Rxb2 Rb5 39. Bd2 Rcb8 40. Nxd5 (40. Kg1 $17) 40... Rxd5 $19 ({Not} 40... exd5 41. d4 $17) 41. Bf4 $2 (41. Kg1) 41... Rb4 {[%emt 0:01:06] Black is clearly winning.} 42. g3 Rxd3 43. Be2 Rd5 44. Bc7 Rc5 45. Bd6 Rc1+ 46. Kg2 Rc2 47. Rb1 Rxe2+ 48. Kf1 Ree4 {[%emt 0:01:21] Strongly threatening ...Rb5.} 49. Bxb4 Rxb4 {[%emt 0:00:03] Never resign too early! A cool game by Lehaci.   Weighted Error Value: White=0.67/Black=0.37} 0-1

[Event "European Women-ch 2023"]
[Site "Petrovac"]
[Date "2023.03.25"]
[Round "7.27"]
[White "Lach, Aleksandra"]
[Black "Golsta, Ramona"]
[Result "1/2-1/2"]
[Annotator "TA"]
[ECO "B30"]
[WhiteElo "2170"]
[BlackElo "1760"]
[PlyCount "99"]
[EventDate "2023.03.15"]
[EventType "swiss"]
[EventCountry "MNE"]
[SourceTitle "playchess.com"]
[Source "ChessBase"]
[SourceQuality "1"]
[TimeControl "40/5400+30:1800+30"]

1. e4 c5 2. Nc3 Nc6 3. Bb5 Nd4 4. Nf3 e6 5. O-O a6 6. Bd3 Nc6 {[%emt 0:00:14] B30: Sicilian: 2...Nc6 3 Bb5, lines without ...g6.} 7. b3 {[%emt 0:01:44] 7.e5 is more advanced technology.} g6 8. Bb2 Bg7 {[%emt 0:00:32] [#]} 9. Qc1 $146 (9. Na4 $5 Bxb2 10. Nxb2 $11) ({Predecessor:} 9. Re1 d6 10. Bf1 Nge7 11. Na4 e5 12. Nc3 O-O 13. a4 Kh8 14. Bc4 h6 15. Nd5 {0-1 Sadhwani,R (2545)-Gelfand,B (2676) PNWCC Online blitz JP 8th 2020 (11)}) 9... d6 10. Nd5 e5 11. c3 Nge7 12. Nxe7 Qxe7 13. Bc4 O-O 14. d3 Be6 15. Bd5 f5 16. Qg5 {[%emt 0:05:32] Qxe7 would be deadly.} Rae8 17. Qxe7 Rxe7 18. Bxc6 bxc6 19. Rad1 a5 20. Ng5 Bd7 21. exf5 gxf5 22. Rfe1 h6 23. Nf3 a4 24. b4 cxb4 25. cxb4 {[%emt 0:00:01] [#]} a3 $1 26. Bc1 (26. Bc3 Rfe8) 26... Rb8 27. Nd2 Be6 ({Reject} 27... Rxb4 $6 28. Bxa3 Rd4 29. Nc4 $11) 28. Nc4 Rd7 ({Don't play} 28... Rxb4 29. Bxa3 Ra4 30. Bxd6 $16) 29. Bxa3 Ra8 {[%emt 0:01:05] Strongly threatening ...Bxc4.} 30. Na5 {[%emt 0:00:34] [#]} (30. Bb2 $15) 30... Bxa2 ({Black should play} 30... c5 $1 $17 31. f4 Bxa2) 31. Ra1 Bd5 32. Bb2 Bf6 33. f4 Rg7 34. g3 {[%emt 0:00:01] White is weak on the light squares} Re7 35. Rac1 Ra6 36. Kf2 Kf7 37. fxe5 Bxe5 38. Bxe5 Rxe5 39. d4 (39. Ra1 $11 {remains equal.}) 39... Re4 40. Rxe4 Bxe4 $17 {[%emt 0:00:00][%mdl 4096] Endgame KRB-KRN} (40... fxe4 $17 41. g4 Rb6) 41. Ke3 $11 Ke6 42. g4 $1 Bd5 43. gxf5+ Kxf5 44. Rf1+ Ke6 45. Rg1 Rb6 46. Rg6+ Kd7 47. Rg7+ Kc8 48. Rg6 Kd7 49. Rg7+ Kc8 50. Rg6 {[%emt 0:02:21][%csl LRd6,LRh6] Weighted Error Value: White=0.12 (very precise) /Black=0.13 (very precise)} 1/2-1/2

[Event "European Women-ch 2023"]
[Site "Petrovac"]
[Date "2023.03.25"]
[Round "7.28"]
[White "Kobak, Polina"]
[Black "Shpanko, Nadiia"]
[Result "1/2-1/2"]
[Annotator "TA"]
[ECO "E15"]
[WhiteElo "1815"]
[BlackElo "2164"]
[PlyCount "105"]
[EventDate "2023.03.15"]
[EventType "swiss"]
[EventCountry "MNE"]
[SourceTitle "playchess.com"]
[Source "ChessBase"]
[SourceQuality "1"]
[TimeControl "40/5400+30:1800+30"]

1. d4 Nf6 2. c4 e6 3. Nf3 d5 4. g3 Bb4+ 5. Bd2 Be7 6. Bg2 O-O 7. O-O c6 8. Qc2 Nbd7 9. Bf4 b6 10. Rd1 Ba6 11. b3 {[%emt 0:00:24] 11.cxd5 gains popularity.} Rc8 12. Nc3 {[%emt 0:01:21] E15: Queen's Indian: 4 g3 sidelines, 4 g3 Ba6 and 4 g3 Bb7 early deviations.} Nh5 13. Bc1 Qc7 {[%emt 0:05:52] [#]} (13... Nhf6 $11) 14. Bb2 $146 (14. e4 $14) ({Predecessor:} 14. e4 dxc4 15. Qe2 b5 16. e5 g6 17. bxc4 bxc4 18. Bg5 Qd8 19. Ne4 Bxg5 20. Nfxg5 {½-½ San Segundo Carrillo,P (2508)-Tiviakov,S (2603) EU-ch 2nd Ohrid 2001 (3)}) 14... dxc4 15. Nd2 cxb3 16. axb3 Nb8 17. e4 {[%emt 0:09:23][%mdl 1024] White has compensation.} Nf6 18. Ra2 Rcd8 19. Nf3 Qc8 20. Qb1 c5 (20... Rfe8 $11) 21. Rc1 $2 {[%emt 0:11:10] [#]} (21. d5 $1 $14 {keeps the upper hand.}) 21... Qd7 {[%emt 0:08:09] [#]} (21... cxd4 $2 22. Nd5 exd5 23. Rxc8 (23. Bxd4 $2 Qe6 $19) 23... Bxc8 24. e5 $16 (24. Nxd4 dxe4 25. Rxa7 Bc5 $11) (24. Rxa7 Nc6 $14)) (21... Nc6 $1 $17 22. e5 Nd5 23. Nxd5 Rxd5) 22. d5 $1 exd5 23. Ne5 Qd6 24. Nxd5 Nxd5 25. exd5 Bf6 26. f4 Rfe8 27. Qa1 b5 28. Nc6 Bxb2 (28... Nxc6 $1 $11 29. Rxa6 {[%mdl 64] Pin} Re2 30. Bxf6 (30. Rxc6 $2 Rxg2+ {[%mdl 64] Remove Defender, Decoy} 31. Kxg2 Qxd5+ 32. Kg1 Qxc6 $19) 30... Rxg2+ {[%mdl 64] Remove Defender} 31. Kxg2 Qxd5+ 32. Kg1 gxf6 33. Qxf6 Nd4) 29. Qxb2 $16 Rd7 30. Qa1 {[%emt 0:02:08] White has more active pieces.} ({White should play} 30. Qa3 $16 {Black must now prevent Nxb8.} Bc8 31. Qxc5 (31. Nxa7 b4 $14) 31... Re1+ 32. Kf2 Rxc1 33. Qxc1 Nxc6 34. Qxc6) 30... Bb7 $11 31. Ne5 ({Don't play} 31. Rxa7 Nxc6 32. dxc6 Bxc6 33. Bxc6 Qxc6 34. Rxd7 Qxd7 35. Rxc5 g6 $17) (31. Nxa7 Bxd5 32. Re1 Rxe1+ 33. Qxe1 Bxb3 34. Nxb5 Qd1 $15) (31. Re1 $11 Rf8 32. Qe5 (32. Rxa7 Bxc6 33. dxc6 Rxa7 $17) (32. Nxa7 Qb6 $11)) 31... Rc7 (31... Rdd8 $15) 32. Rxa7 f6 {[%emt 0:00:59] [#]} 33. Nc6 Nxc6 34. dxc6 Bxc6 35. Rxc7 Qxc7 36. Rxc5 Qb6 37. b4 Bxg2 38. Qa2+ Kf8 39. Kxg2 {[%emt 0:00:46][%mdl 4096] Endgame KQR-KQR} Qb7+ 40. Qd5 Re2+ ({Black should try} 40... Qe7 $1 $11) 41. Kh3 (41. Kg1 $1 $14 {deserves consideration.} Qxd5 42. Rxd5) 41... Qxd5 42. Rxd5 {[%emt 0:00:14] KR-KR} Rb2 43. Rxb5 g6 44. Rb8+ Kg7 45. Rb7+ Kg8 46. g4 g5 $2 (46... Rb3+ $14 47. Kg2 Rb2+ 48. Kg3 Rb3+ 49. Kf2 Rb2+ 50. Ke3 Rxh2) 47. f5 $18 Rb3+ 48. Kg2 {[%emt 0:00:05] b5 would be deadly.} Rb2+ 49. Kg3 {[%emt 0:00:06] Threatens to win with b5.} Rb3+ 50. Kf2 {[%emt 0:00:11] Hoping for b5.} Rb2+ 51. Kg3 {[%emt 0:00:04] And now b5 would win.} Rb3+ 52. Kf2 Rb2+ 53. Kg3 $2 {[%emt 0:02:24] Weighted Error Value: White=0.31/Black=0.23 (precise)} (53. Ke3 $18) 1/2-1/2